ABL
ESSENDON KNIGHTS @ COLLINGWOOD MAGPIES
08/28/2022
 
TOP OF THE 1ST
Essendon Knights batting - Pitching for Collingwood Magpies : RHP Steve Marr
Pitching: RHP Steve Marr
Batting: LHB Geoff Sandow 0-0: Called Strike
0-1: Fly out, F9 (Flyball, 89M, EV 98.8 MPH)
Batting: SHB Claud Gard 0-0: Fly out, F9 (Flyball, 9, EV 93.1 MPH)
Batting: LHB Tristan Starling 0-0: Ball
1-0: SINGLE (Groundball, 4MD, EV 94.4 MPH)
Batting: RHB Chase Binns 0-0: Ball
1-0: Ball
2-0: Foul Ball, location: 3FF
2-1: Fielders Choice at 2nd, 6-4 (Groundball, 6, EV 90.0 MPH)
Top of the 1st over - 0 runs, 1 hit, 0 errors, 1 left on base; Essendon 0 - Collingwood 0
BOTTOM OF THE 1ST
Collingwood Magpies batting - Pitching for Essendon Knights : LHP Justin Balman
Pitching: LHP Justin Balman
Batting: RHB Sinbad Trounson 0-0: Fly out, F3 (Popup, 3SF, EV 68.8 MPH)
Batting: RHB Don Bonfield 0-0: Ball
1-0: Called Strike
1-1: DOUBLE (Line Drive, 89D, EV 103.8 MPH)
Batting: RHB Kevin Camira 0-0: Ball
1-0: Ground out 5-3 (Groundball, 56S, EV 83.8 MPH)
Batting: RHB Jamie Berriman 0-0: Ball
1-0: Foul Ball, location: 3F
1-1: Swinging Strike
1-2: Ball
2-2: Ball
3-2: Foul Ball, location: 5FF
3-2: Fly out, F9 (Flyball, 9LM, EV 100.6 MPH)
Bottom of the 1st over - 0 runs, 1 hit, 0 errors, 1 left on base; Essendon 0 - Collingwood 0
TOP OF THE 2ND
Essendon Knights batting - Pitching for Collingwood Magpies : RHP Steve Marr
Batting: LHB Ben Honeyfield 0-0: Ball
1-0: Foul Ball, location: 5DF
1-1: Ball
2-1: Foul Ball, location: 7LDF
2-2: Ball
3-2: Strikes out swinging
Batting: RHB Garrick Grendon 0-0: Called Strike
0-1: Ball
1-1: Ground out 3-1 (Groundball, 34S, EV 85.6 MPH)
Batting: RHB Jefferson Scoley 0-0: Called Strike
0-1: Called Strike
0-2: Foul Ball, location: 2F
0-2: Ball
1-2: Ball
2-2: Foul Ball, location: 5DF
2-2: Strikes out swinging
Top of the 2nd over - 0 runs, 0 hits, 0 errors, 0 left on base; Essendon 0 - Collingwood 0
BOTTOM OF THE 2ND
Collingwood Magpies batting - Pitching for Essendon Knights : LHP Justin Balman
Batting: SHB Colin Attoehow 0-0: Foul Ball, location: 25F
0-1: SINGLE (Groundball, 56D, EV 103.8 MPH)
Batting: LHB Charlie Hodkinson 0-0: Swinging Strike
0-1: Foul Ball, location: 5F
0-2: Ball
1-2: Strikes out swinging
Batting: SHB Jim McIntosh 0-0: Ball
1-0: Ball
2-0: DOUBLE (Line Drive, 9LM, EV 107.5 MPH)
Colin Attoehow to third
Runner from 3rd tries for Home, SAFE, no throw by RF
Batting: LHB John Mitford 0-0: Fly out, F4 (Popup, 4S, EV 70.6 MPH)
Batting: RHB Steve Marr 0-0: Foul Ball, location: 2F
0-1: Ball
1-1: Swinging Strike
1-2: Strikes out swinging
Bottom of the 2nd over - 1 run, 2 hits, 0 errors, 1 left on base; Essendon 0 - Collingwood 1
TOP OF THE 3RD
Essendon Knights batting - Pitching for Collingwood Magpies : RHP Steve Marr
Batting: SHB Justin Balman 0-0: Swinging Strike
0-1: Hit by Pitch
Batting: RHB Brad Rogerson 0-0: Foul Ball, location: 5FF
0-1: Foul Ball, location: 5FF
0-2: Ball
1-2: Ball
2-2: Ball
3-2: Fly out, F7 (Line Drive, 78M, EV 91.9 MPH)
Batting: LHB Geoff Sandow 0-0: Ball
1-0: SINGLE (Groundball, 4D, EV 102.5 MPH)
Justin Balman to second
Runner from 2nd tries for 3rd, SAFE, no throw by CF
Batting: SHB Claud Gard 0-0: Ball
1-0: Called Strike
1-1: Ball
2-1: Ball
3-1: Swinging Strike
3-2: Base on Balls
Geoff Sandow to second
Batting: LHB Tristan Starling 0-0: Ball
1-0: Fly out, F5 (Popup, 56S, EV 75.6 MPH)
Batting: RHB Chase Binns 0-0: Fly out, F6 (Popup, 6, EV 73.8 MPH)
Top of the 3rd over - 0 runs, 1 hit, 0 errors, 3 left on base; Essendon 0 - Collingwood 1
BOTTOM OF THE 3RD
Collingwood Magpies batting - Pitching for Essendon Knights : LHP Justin Balman
Batting: RHB Sinbad Trounson 0-0: SINGLE (Groundball, 6MS, EV 75.6 MPH) (infield hit)
Batting: RHB Don Bonfield 0-0: Sac Bunt to 15S - play at first, batter OUT! 1-3
Sinbad Trounson to second
Batting: RHB Kevin Camira 0-0: Called Strike
0-1: Foul Ball, location: 3DF
0-2: Ball
1-2: Foul Ball, location: 2F
1-2: Ball
2-2: Ball
3-2: Foul Ball, location: 5SF
3-2: Foul Ball, location: 3DF
3-2: SINGLE (Line Drive, 89S, EV 97.5 MPH)
Sinbad Trounson to third
Batting: RHB Jamie Berriman 0-0: Fly out, F8 (Flyball, 89XD, EV 92.5 MPH)
Runner from 3rd tags up, SCORES, no throw by CF
Batting: SHB Colin Attoehow 0-0: Fielders Choice at 2nd, 6-4 (Groundball, 6, EV 88.8 MPH)
Bottom of the 3rd over - 1 run, 2 hits, 0 errors, 1 left on base; Essendon 0 - Collingwood 2
TOP OF THE 4TH
Essendon Knights batting - Pitching for Collingwood Magpies : RHP Steve Marr
Batting: LHB Ben Honeyfield 0-0: SINGLE (Groundball, 34D, EV 109.4 MPH)
Batting: RHB Garrick Grendon 0-0: Fielders Choice at 2nd, 6-4 (Groundball, 6, EV 86.9 MPH)
Batting: RHB Jefferson Scoley 0-0: Foul Ball, location: 2F
0-1: Ball
Pickoff Throw to First - Out! 1-3 CS
1-1: Fly out, F7 (Line Drive, 7S, EV 92.5 MPH)
Top of the 4th over - 0 runs, 1 hit, 0 errors, 0 left on base; Essendon 0 - Collingwood 2
BOTTOM OF THE 4TH
Collingwood Magpies batting - Pitching for Essendon Knights : LHP Justin Balman
Batting: LHB Charlie Hodkinson 0-0: Ball
1-0: Foul Ball, location: 2F
1-1: Fly out, F8 (Flyball, 8LD, EV 100.0 MPH)
Batting: SHB Jim McIntosh 0-0: Swinging Strike
0-1: Foul Ball, location: 9LMF
0-2: Strikes out swinging
Batting: LHB John Mitford 0-0: Ball
1-0: Called Strike
1-1: Swinging Strike
1-2: SINGLE (Line Drive, 56D, EV 110.0 MPH)
Batting: RHB Steve Marr 0-0: Foul Ball, location: 9LSF
0-1: Ball
1-1: Ground out 4-3 (Groundball, 4, EV 76.3 MPH)
Bottom of the 4th over - 0 runs, 1 hit, 0 errors, 1 left on base; Essendon 0 - Collingwood 2
TOP OF THE 5TH
Essendon Knights batting - Pitching for Collingwood Magpies : RHP Steve Marr
Batting: SHB Justin Balman 0-0: SINGLE (Line Drive, 3D, EV 99.4 MPH)
Batting: RHB Brad Rogerson 0-0: Called Strike
0-1: Ball
1-1: Foul Ball, location: 2F
1-2: Ball
2-2: Ball
3-2: Foul Ball, location: 3SF
3-2: Grounds into double play, 6-4-3 (Groundball, 6, EV 106.3 MPH)
Batting: LHB Geoff Sandow 0-0: Ball
1-0: Foul Ball, location: 2F
1-1: Foul Ball, location: 7LDF
1-2: Ball
2-2: Ground out 6-3 (Groundball, 6, EV 84.4 MPH)
Top of the 5th over - 0 runs, 1 hit, 0 errors, 0 left on base; Essendon 0 - Collingwood 2
BOTTOM OF THE 5TH
Collingwood Magpies batting - Pitching for Essendon Knights : LHP Justin Balman
Batting: RHB Sinbad Trounson 0-0: Ball
1-0: Ball
2-0: Ball
3-0: Base on Balls
Batting: RHB Don Bonfield 0-0: Ball
1-0: Bunted foul
1-1: Bunted foul
1-2: DOUBLE (Groundball, 3L, EV 105.6 MPH)
Sinbad Trounson to third
Batting: RHB Kevin Camira 0-0: Ball
1-0: SINGLE (Line Drive, 9S, EV 105.6 MPH)
Sinbad Trounson scores
Don Bonfield to third
Batting: RHB Jamie Berriman 0-0: Ball
1-0: Called Strike
1-1: Ball
2-1: Foul Ball, location: 7LMF
2-2: Foul Ball, location: 3FF
2-2: Ball
3-2: Fly out, F9 (Flyball, 89S, EV 81.3 MPH)
Batting: SHB Colin Attoehow 0-0: Called Strike
0-1: Foul Ball, location: 2F
0-2: Ball
Kevin Camira steals 2nd base
1-2: Strikes out swinging
Batting: LHB Charlie Hodkinson 0-0: Ball
1-0: Ball
2-0: Ball
3-0: Called Strike
3-1: SINGLE (Groundball, 3D, EV 104.4 MPH)
Don Bonfield scores
Kevin Camira to third
Runner from 3rd tries for Home, SAFE, throw by RF to home
Pitching: RHP Ziggy Williams
Batting: SHB Jim McIntosh 0-0: Ball
1-0: Called Strike
1-1: Ball
2-1: Ball
3-1: SINGLE (Line Drive, 7S, EV 93.1 MPH)
Charlie Hodkinson to second
Batting: LHB John Mitford 0-0: Ball
1-0: Hit by Pitch
Charlie Hodkinson to third
Jim McIntosh to second
Batting: RHB Steve Marr 0-0: Ball
1-0: Foul Ball, location: 5F
1-1: Called Strike
1-2: Strikes out swinging
Bottom of the 5th over - 3 runs, 4 hits, 0 errors, 3 left on base; Essendon 0 - Collingwood 5
TOP OF THE 6TH
Essendon Knights batting - Pitching for Collingwood Magpies : RHP Steve Marr
Batting: SHB Claud Gard 0-0: Ball
1-0: Called Strike
1-1: Foul Ball, location: 7LDF
1-2: Foul Ball, location: 2F
1-2: Ball
2-2: Fly out, F8 (Flyball, 8RXD, EV 101.3 MPH)
Batting: LHB Tristan Starling 0-0: Called Strike
0-1: Foul Ball, location: 25F
0-2: Ball
1-2: Foul Ball, location: 7LSF
1-2: Ball
2-2: Ball
3-2: Foul Ball, location: 7LSF
3-2: Fly out, F7 (Flyball, 78D, EV 107.5 MPH)
Batting: RHB Chase Binns 0-0: Foul Ball, location: 2F
0-1: Ball
1-1: Foul Ball, location: 2F
1-2: Strikes out swinging
Top of the 6th over - 0 runs, 0 hits, 0 errors, 0 left on base; Essendon 0 - Collingwood 5
BOTTOM OF THE 6TH
Collingwood Magpies batting - Pitching for Essendon Knights : RHP Ziggy Williams
Batting: RHB Sinbad Trounson 0-0: DOUBLE (Line Drive, 78D, EV 108.1 MPH)
Batting: RHB Don Bonfield 0-0: Called Strike
0-1: Ball
1-1: Foul Ball, location: 2F
1-2: SINGLE (Line Drive, 34D, EV 97.5 MPH)
Sinbad Trounson to third
Batting: RHB Kevin Camira 0-0: Ball
1-0: Foul Ball, location: 9LDF
1-1: Ball
2-1: Ball
3-1: Swinging Strike
3-2: Foul Ball, location: 9LSF
3-2: Strikes out swinging
Batting: RHB Jamie Berriman 0-0: Ball
1-0: Called Strike
1-1: Called Strike
1-2: Strikes out swinging
Batting: SHB Colin Attoehow 0-0: Ball
1-0: Foul Ball, location: 3F
1-1: Ball
2-1: Fly out, F9 (Line Drive, 9LS, EV 91.3 MPH)
Bottom of the 6th over - 0 runs, 2 hits, 0 errors, 2 left on base; Essendon 0 - Collingwood 5
TOP OF THE 7TH
Essendon Knights batting - Pitching for Collingwood Magpies : RHP Steve Marr
Batting: LHB Ben Honeyfield 0-0: Ball
1-0: Foul Ball, location: 2F
1-1: Foul Ball, location: 7LMF
1-2: Fly out, F8 (Flyball, 78M, EV 80.6 MPH)
Batting: RHB Garrick Grendon 0-0: Ball
1-0: Fly out, F9 (Flyball, 9D, EV 111.3 MPH)
Batting: RHB Jefferson Scoley 0-0: Foul Ball, location: 25FF
0-1: Swinging Strike
0-2: Foul Ball, location: 9LMF
0-2: Foul Ball, location: 3F
0-2: Ball
1-2: Fly out, F9 (Flyball, 9, EV 96.9 MPH)
Top of the 7th over - 0 runs, 0 hits, 0 errors, 0 left on base; Essendon 0 - Collingwood 5
BOTTOM OF THE 7TH
Collingwood Magpies batting - Pitching for Essendon Knights : RHP Ziggy Williams
Batting: LHB Charlie Hodkinson 0-0: Ball
1-0: Foul Ball, location: 5F
1-1: Ground out 5-3 (Groundball, 56, EV 83.1 MPH)
Batting: SHB Jim McIntosh 0-0: Called Strike
0-1: Ball
1-1: Fly out, F6 (Flyball, 4MD, EV 97.5 MPH)
Batting: LHB John Mitford 0-0: Ball
1-0: Called Strike
1-1: SINGLE (Line Drive, 8RS, EV 95.0 MPH)
Batting: RHB Steve Marr 0-0: Ball
1-0: Ball
2-0: Foul Ball, location: 23F
2-1: Called Strike
2-2: Ball
3-2: Base on Balls
John Mitford to second
Pitching: RHP Matthew Westaway
Batting: RHB Sinbad Trounson 0-0: Ball
1-0: Ball
2-0: Called Strike
2-1: Foul Ball, location: 2F
2-2: Ball
3-2: Hit by Pitch
John Mitford to third
Steve Marr to second
Batting: RHB Don Bonfield 0-0: Swinging Strike
0-1: Swinging Strike
0-2: Ball
1-2: Strikes out swinging
Bottom of the 7th over - 0 runs, 1 hit, 0 errors, 3 left on base; Essendon 0 - Collingwood 5
TOP OF THE 8TH
Essendon Knights batting - Pitching for Collingwood Magpies : RHP Steve Marr
Pinch Hitting: RHB Leroy Sirett 0-0: Fly out, F7 (Flyball, 7, EV 95.6 MPH)
Batting: RHB Brad Rogerson 0-0: Called Strike
0-1: Ball
1-1: Called Strike
1-2: Foul Ball, location: 7LSF
1-2: Foul Ball, location: 2F
1-2: Foul Ball, location: 9LDF
1-2: Ball
2-2: Ball
3-2: Fly out, F7 (Flyball, 78S, EV 94.4 MPH)
Batting: LHB Geoff Sandow 0-0: SINGLE (Line Drive, 7LM, EV 98.1 MPH)
Pitching: RHP Landon Hebron
Batting: SHB Claud Gard 0-0: Ball
1-0: Ball
2-0: Called Strike
2-1: Ball
3-1: Foul Ball, location: 2F
3-2: Ground out 6-3 (Groundball, 6D, EV 83.1 MPH)
Top of the 8th over - 0 runs, 1 hit, 0 errors, 1 left on base; Essendon 0 - Collingwood 5
BOTTOM OF THE 8TH
Collingwood Magpies batting - Pitching for Essendon Knights : RHP Matthew Westaway
Pitching: RHP Doug Shuker
Batting: RHB Kevin Camira 0-0: Called Strike
0-1: Called Strike
0-2: Strikes out swinging
Batting: RHB Jamie Berriman 0-0: Ball
1-0: Called Strike
1-1: Ball
2-1: Fly out, F9 (Flyball, 9D, EV 95.0 MPH)
Batting: SHB Colin Attoehow 0-0: Ball
1-0: Ball
2-0: DOUBLE (Flyball, 8RXD, EV 96.9 MPH)
Batting: LHB Charlie Hodkinson 0-0: Fly out, F8 (Flyball, 8RXD, EV 106.9 MPH)
Bottom of the 8th over - 0 runs, 1 hit, 0 errors, 1 left on base; Essendon 0 - Collingwood 5
TOP OF THE 9TH
Essendon Knights batting - Pitching for Collingwood Magpies : RHP Landon Hebron
Batting: LHB Tristan Starling 0-0: Ball
1-0: Called Strike
1-1: Foul Ball, location: 2F
1-2: Foul Ball, location: 3F
1-2: Fly out, F8 (Flyball, 8RM, EV 90.0 MPH)
Batting: RHB Chase Binns 0-0: Fly out, F8 (Flyball, 8RD, EV 110.6 MPH)
Batting: LHB Ben Honeyfield 0-0: Ball
1-0: Called Strike
1-1: Ball
2-1: Fly out, F7 (Flyball, 7S, EV 97.5 MPH)
Top of the 9th over - 0 runs, 0 hits, 0 errors, 0 left on base; Essendon 0 - Collingwood 5
Sunday, May 5th , 2024 - OOTP Baseball 24.9 Build 80